 Dungeon Crawl Stone Soup version 0.28-a0-655-g4eb62b627b (webtiles) character file.

Game seed: 16740793003811633795

136 Anon1729 the Stinger (level 4, -3/30 HPs)
             Began as a Demonspawn Venom Mage on Oct 12, 2021.
             Killed from afar by an orc wizard (8 damage)
             ... with a magic dart
             ... on level 3 of the Dungeon.
             The game lasted 00:05:12 (3786 turns).

Anon1729 the Stinger (Demonspawn Venom Mage)        Turns: 3786, Time: 00:05:13

Health: -3/30      AC:  2    Str:  9    XL:     4   Next: 98%
Magic:  7/8        EV: 12    Int: 17    God:
Gold:   84         SH:  0    Dex: 13    Spells: 7/8 levels left

rFire   . . .      SeeInvis .   c - +0 dagger
rCold   . . .      Faith    .   (no shield)
rNeg    . . .      Spirit   .   a - +0 robe
rPois   .          Reflect  .   (no helmet)
rElec   .          Harm     .   (no cloak)
rCorr   .          Rampage  .   (no gloves)
Will    .....                   (no boots)
Stlth   +.........              (no amulet)
HPRegen 0.10/turn               (no ring)
MPRegen 0.11/turn               (no ring)

@: confused
A: demonic magic 1
a: no special abilities


You were on level 3 of the Dungeon.
You visited 1 branch of the dungeon, and saw 3 of its levels.

You collected 84 gold pieces.

Inventory:

Hand Weapons
 c - a +0 dagger (weapon)
 d - a +0 spear
Armour
 a - a +0 robe (worn)
Jewellery
 b - a +6 ring of dexterity
Wands
 q - a wand of paralysis (9)
Scrolls
 f - a scroll of vulnerability {unknown}
 g - 2 scrolls of teleportation {unknown}
 h - a scroll of enchant weapon {unknown}
 l - 2 scrolls of identify {unknown}
 o - a scroll of amnesia {unknown}
 p - a scroll of noise {unknown}
 r - a scroll of fear {unknown}
Potions
 e - a potion of magic {unknown}
 i - a potion of brilliance {unknown}
 k - a potion of flight {unknown}
 m - a potion of might {unknown}
 n - a potion of lignification {unknown}


   Skills:
 + Level 1.1 Short Blades
 + Level 2.5 Dodging
 + Level 2.6 Stealth
 + Level 2.6 Spellcasting
 + Level 1.9 Transmutations
 + Level 3.5 Poison Magic


You had 7 spell levels left.
You knew the following spells:

 Your Spells              Type           Power      Damage    Failure   Level
a - Sting                 Tmut/Pois      44%        1d5       6%          1

Your spell library contained the following spells:

 Spells                   Type           Power      Damage    Failure   Level
 Poisonous Vapours        Pois/Air       16%        N/A       13%         2
 Animate Skeleton         Necr           4%         N/A       19%         1
 Pain                     Necr           8%         1d4       19%         1
 Mephitic Cloud           Conj/Pois/Air  6%         N/A       32%         3
 Olgreb's Toxic Radiance  Pois           14%        N/A       38%         4
 Vampiric Draining        Necr           1%         2d6       50%         3


Dungeon Overview and Level Annotations

Branches:
Dungeon (3/15)

Altars:


Innate Abilities, Weirdness & Mutations

Spells you cast may paralyse adjacent enemies.


Message History

You miss something. Something hits you but does no damage.
You are poisoned.
You feel sick.
You bump into the rock wall.
You feel less confused.
You feel sick. Something hits you.
You are more poisoned.
You feel very sick.
You see here 22 sling bullets.
Casting: Sting (safe; 6% risk of failure)
Confirm with . or Enter, or press ? or * to list all spells.
Aiming: Sting (safe; 6% risk of failure)
Press: ? - help, Shift-Dir - straight line You miscast Sting.
You are very lightly contaminated with residual magic.
Nothing appears to happen.
You feel very sick.
You hear some strange, mumbled words.
A magic dart appears from out of thin air!
The magic dart hits you.
* * * LOW HITPOINT WARNING * * *
Okay, then.
It was a potion of curing.
You feel better. Something hits you.
You are poisoned.
You feel sick.
You feel sick.
You hear some strange, mumbled words.
A puff of flame appears from out of thin air!
The puff of flame hits you.
* * * LOW HITPOINT WARNING * * *
You feel better.
Your magical contamination has completely faded away.
A magic dart appears from out of thin air!
The magic dart hits you.
* * * LOW HITPOINT WARNING * * *
You hear some strange, mumbled words.
You are confused.
A magic dart appears from out of thin air!
The magic dart hits you!
You die...

.
#........#.#.##.##.##.#####
########.#....#....##.##.#
#####....###..#######....#
#.............##########.#
#..#.[#####...#..........#
#<).).........#.##########
############..#.# #....#
#@#### #.# #.# ...#####.#
#......{# ...#####.#
####..(..# #....#####
#...####


There were no monsters in sight!

Vanquished Creatures
  An orc priest (D:2)
  An orc wizard (D:2)
  3 adders
  2 dart slugs
  5 orcs
  5 endoplasms
  A giant cockroach (D:1)
  7 goblins
  3 hobgoblins
  2 jackals (D:1)
  A quokka (D:1)
  3 ball pythons
  2 bats
  2 frilled lizards (D:2)
  4 kobolds
  5 rats
47 creatures vanquished.

Vanquished Creatures (others)
  4 plants (D:1)
4 creatures vanquished.

Grand Total: 51 creatures vanquished

Notes
Turn   | Place    | Note
-------+----------+-------------------------------------------
     0 | D:1      | Anon1729 the Demonspawn Venom Mage began the quest for the
                  | Orb.
     0 | D:1      | Reached XP level 1. HP: 13/13 MP: 3/3
    97 | D:1      | Reached skill level 1 in Transmutations
   766 | D:1      | Gained mutation: Spells you cast may paralyse adjacent
                  | enemies. [demonic ancestry]
   766 | D:1      | Reached XP level 2. HP: 18/19 MP: 3/5
  1646 | D:2      | Reached XP level 3. HP: 19/24 MP: 4/6
  2393 | D:2      | Found a faded altar of an unknown god.
  2611 | D:2      | Reached XP level 4. HP: 22/30 MP: 1/7
  3383 | D:2      | HP: 1/30 [orc priest (8)]
  3387 | D:2      | Reached skill level 1 in Short Blades
  3786 | D:3      | Killed from afar by an orc wizard

Illustrated notes

Levels and vault maps discovered:
D:1:      minmay_arrival_four_houses, layout_loops_ring, serial_bayou_pond_a
D:2:      layout_basic, basic_ecumenical_altar
D:3:      minmay_general_purpose_star, layout_basic, palyth_stone_intersect

Skill      XL: |  1  2  3  4 |
---------------+-------------+-----
Transmutations | 1 |  1.9
Dodging        | 2 |  2.5
Stealth        | 2 |  2.6
Short Blades   | 1 |  1.1
Spellcasting   | |  2.6
Poison Magic   | |  3.5

Action                   |  1- 3 |  4- 6 || total
-------------------------+-------+-------++-------
Melee: Dagger            |    74 |    10 ||    84
 Cast: Sting             |    41 |    25 ||    66
  Use: Potion            |       |     2 ||     2
 Stab: Paralysed         |    10 |       ||    10
       Sleeping          |     1 |       ||     1
Armor: Robe              |    15 |     4 ||    19
Dodge: Dodged            |    42 |     3 ||    45

Table legend: (Time is in decaauts)
 A = Elapsed time spent in this place.
 B = Non-inter-level travel time spent in this place.
 C = Inter-level travel time spent in this place.
 D = Time resting spent in this place.
 E = Time spent auto-exploring this place.
 F = Levels seen in this place.
 G = Mean time per level.
                   A        B        C        D        E       F      G
               +--------+--------+--------+--------+--------+-----+--------+
         Total |   3794 |   3721 |     73 |   1036 |   2239 |   3 | 1264.7 |
       Dungeon |   3794 |   3721 |     73 |   1036 |   2239 |   3 | 1264.7 |
               +--------+--------+--------+--------+--------+-----+--------+

Top non-repeatable levels by time:
     D:2: 1803 daAuts
     D:1: 1641 daAuts
     D:3: 349 daAuts
